cohdb
Replays
Latest Replays
All Replays
Popular Replays
Top Player Replays
Match Explorer
How It Works
Community
CoH3 Stats
Reddit
Sign in to upload your games and track your stats! →
Sign in with Steam
Match 41076750
Unlisted
Match 41076750
Overview
Messages
Build Orders
End
Panzergrenadier Squad
Selects Battlefield Espionage Battlegroup
250 Light Carrier
Panzergrenadier Squad
Construct Light Support Kompanie
Combat Half-tracks
Fire Support Elements
Selects Intel Disruption Beacon
Construct Mechanized Kompanie
Panzerjäger Mechanized Group
StuG III D Assault Gun
Selects Plunder
StuG III D Assault Gun
Vehicle Survival Package
Veteran Squad Leaders
Selects 250/3 Funkpanzerwagen
Para_Dilshan
Gladiak
codenameray
Cese del fuego
Scary Bill
warerest
ivangrichka599
Skadi
0
0
Comments
sign in to comment!
No comments posted yet!